 Dungeon Crawl Stone Soup version 0.28-a0-1002-gf00fe891ef (console) character file.

Game seed: 13822655946856943367

36124 jejorda2 the Brawler (level 13, -1/178 HPs)
             Began as a Grey Draconian Berserker on Dec 6, 2021.
             Was a High Priest of Trog.
             Slain by a black mamba (2 damage)
             ... on level 6 of the Lair of Beasts.
             The game lasted 00:37:23 (20480 turns).

jejorda2 the Brawler (Grey Draconian Berserker)    Turns: 20480, Time: 00:37:26

Health: -1/178     AC: 18    Str: 20    XL:     13   Next: 51%
Magic:  13/13      EV: 17    Int:  8    God:    Trog [*****.]
Gold:   2416       SH:  0    Dex: 15    Spells: 12/12 levels left

rFire   . . .      SeeInvis .     - Unarmed
rCold   + . .      Faith    .   (no shield)
rNeg    . . .      Spirit   .   (armour unavailable)
rPois   .          Reflect  .   r - +2 hat
rElec   .          Harm     .   P - +0 cloak
rCorr   .          Rampage  .   q - +0 pair of gloves
Will    +....                   B - +0 pair of boots
Stlth   ..........              a - amulet of the acrobat
HPRegen 0.39/turn               O - ring of protection from cold
MPRegen 0.13/turn               T - ring of willpower

@: berserking, lethally poisoned (-1 -> -24), very quick
A: AC +13, amphibious, unfitting armour, cold-blooded
a: Renounce Religion, Berserk, Trog's Hand, Brothers in Arms


You were on level 6 of the Lair of Beasts.
You worshipped Trog.
Trog was extremely pleased with you.
You visited 2 branches of the dungeon, and saw 15 of its levels.
You also visited: Sewer and Ossuary.

You collected 2521 gold pieces.
You spent 105 gold pieces at shops.

Inventory:

Hand Weapons
 j - a +1 hunting sling
 y - a +0 shortbow
Missiles
 e - 4 silver boomerangs
 f - 13 boomerangs
 k - 380 stones
 m - 104 bolts
 s - 76 poisoned darts (quivered)
 A - 119 arrows
 F - 10 javelins
 H - 6 curare-tipped darts
 L - 2 silver javelins
Armour
 q - a +0 pair of gloves (worn)
 r - a +2 hat (worn)
 B - a +0 pair of boots (worn)
 P - a +0 cloak (worn)
Jewellery
 a - an amulet of the acrobat (around neck)
 g - a ring of flight
 O - a ring of protection from cold (left hand)
 T - a ring of willpower (right hand)
Wands
 c - a wand of digging (3)
 n - a wand of flame (22)
 o - a wand of polymorph (12)
 I - a wand of charming (12)
 K - a wand of iceblast (2)
 M - a wand of paralysis (8)
 R - a wand of mindburst (7)
Scrolls
 b - 5 scrolls of immolation
 d - a scroll of enchant armour
 h - a scroll of fear
 t - 10 scrolls of teleportation
 v - 2 scrolls of fog
 w - a scroll of enchant weapon
 D - 2 scrolls of blinking
 G - a scroll of identify
 J - a scroll of magic mapping
Potions
 i - 4 potions of mutation
 l - 6 potions of curing
 p - 3 potions of resistance
 u - 3 potions of heal wounds
 x - 2 potions of berserk rage
 z - 2 potions of attraction
 C - 5 potions of might
 E - 2 potions of lignification
 N - 2 potions of haste
 Q - 2 potions of flight
 S - a potion of cancellation


   Skills:
 + Level 12.7 Fighting
 + Level 10.7 Dodging
 - Level 4.0 Stealth
 * Level 16.0 Unarmed Combat
 - Level 6.0 Evocations


You had 12 spell levels left.
You didn't know any spells.
Your spell library was empty.

Dungeon Overview and Level Annotations

Branches:
Dungeon (9/15)             Temple (0/1) D:7            Lair (6/6) D:8
  Swamp (0/4) Lair:3        Snake (0/4) Lair:2        Slime (0/5) Lair:5
  Sewer (visited)         Ossuary (visited)
    Orc: D:9-12

Altars:
Dithmenos
Trog

Shops:
D:5 ?   D:6 [

Annotations:
D:4 2 transporters, devnull's ghost, novice HOFi
Lair:5 exclusion: 3 oklob plants


Innate Abilities, Weirdness & Mutations

Your dull iron-grey scales are very hard. (AC +13)
You are amphibious.
You cannot fit into any form of body armour.
You are cold-blooded and may be slowed by cold attacks.


Message History

The four-headed hydra completely misses you.
You punch the four-headed hydra!
The four-headed hydra is severely wounded.
* * * LOW HITPOINT WARNING * * *
You feel very sick. The cane toad stings you.
* * * LOW HITPOINT WARNING * * *
The black mamba bites you but does no damage.
You barely miss the four-headed hydra.
The four-headed hydra is severely wounded.
* * * LOW HITPOINT WARNING * * *
You feel sick. The rime drake bites you.
* * * LOW HITPOINT WARNING * * *
The four-headed hydra bites you.
* * * LOW HITPOINT WARNING * * *
The four-headed hydra closely misses you.
The four-headed hydra misses you. x2
You pummel the four-headed hydra!!
You kill the four-headed hydra!
Trog accepts your kill.
* * * LOW HITPOINT WARNING * * *
You feel sick.
The black mamba bites you but does no damage.
The cane toad stings you.
* * * LOW HITPOINT WARNING * * *
You are more poisoned.
The cane toad poisons you!
Your Unarmed Combat skill increases to level 16!
You punch the cane toad!
The cane toad is lightly wounded.
* * * LOW HITPOINT WARNING * * *
You feel very sick. The black mamba barely misses you.
The rime drake barely misses you.
You pummel the cane toad!!
The cane toad is almost dead.
The ice encasing you melts away.
* * * LOW HITPOINT WARNING * * *
You feel very sick. The black mamba bites you.
You die...

## ###.......P.### .##
#.#.........#.##
..####....###.#.....##
...#.......†..#......#
..###P....#...##.....#
###[###...#...#...#.P#
.#...#...########...##
.#.††#.....##.)...#..#
†..........##))S@...##
.#####....^##.|kF..##
..........###.....##
........### #P...##
##.P.#### ###### #####


You could see a black mamba, a cane toad and a rime drake.

Vanquished Creatures
  5 hydras
  2 catoblepae
  6 death yaks
  Urug (Lair:4)
  Sonja (Lair:5)
  A fire crab (Lair:6)
  A lindwurm (Lair:6)
  The ghost of petzl the Sneak, a novice OpAM of Vehumet (D:7)
  6 elephants
  4 black mambas
  Joseph (D:8)
  11 cane toads
  A rime drake (Lair:6)
  Maggie (D:6)
  9 komodo dragons
  A demonic crawler (Lair:2)
  A hornet (D:9)
  2 trolls
  3 polar bears
  12 blink frogs
  2 dream sheep (Lair:6)
  3 shadows
  16 yaks
  A wyvern (D:8)
  4 basilisks
  5 vampire mosquitoes (Lair:3)
  A steam dragon (D:6)
  3 nagas (Lair:2)
  A swamp worm (Lair:2)
  An acid dragon (D:8)
  18 water moccasins
  Duvessa (D:6)
  3 orc warriors
  3 sky beasts
  3 black bears
  An ice beast (D:5)
  12 wolves
  A phantom (D:6)
  6 centaurs
  9 kobold brigands
  10 bullfrogs
  A gnoll sergeant (D:7)
  A scorpion (D:4)
  A wyvern zombie (D:8)
  Dowan (D:6)
  6 wights
  A howler monkey (D:9)
  2 orc priests
  2 bullfrog skeletons
  4 hounds
  2 human zombies (Ossuary)
  5 centaur zombies
  2 centaur skeletons
  2 jellies (D:4)
  3 iguanas
  8 orc wizards
  12 hell rats
  A killer bee zombie (D:9)
  Robin (D:2)
  A hound skeleton (D:5)
  5 mummies (Ossuary)
  A howler monkey zombie (D:8)
  10 gnolls
  14 adders
  A river rat (D:3)
  A shadow imp (D:7)
  A white imp (D:7)
  An ufetubus (D:6)
  2 worms
  4 dart slugs
  19 orcs
  12 ball pythons
  20 endoplasms
  10 giant cockroaches
  15 goblins
  6 hobgoblins
  6 jackals
  17 kobolds
  12 quokkas
  9 bats
  13 frilled lizards
  A goblin zombie (Ossuary)
  A kobold zombie (Ossuary)
  An orc zombie (Ossuary)
  5 rats
  2 rat zombies (D:7)
419 creatures vanquished.

Vanquished Creatures (collateral kills)
  3 wolves (Lair:5)
3 creatures vanquished.

Vanquished Creatures (others)
  A gnoll (D:6)
  21 fungi
  29 plants
  4 toadstools (D:4)
55 creatures vanquished.

Grand Total: 477 creatures vanquished

Notes
Turn   | Place    | Note
-------+----------+-------------------------------------------
     0 | D:1      | jejorda2 the Draconian Berserker began the quest for the
                  | Orb.
     0 | D:1      | Reached XP level 1. HP: 19/19 MP: 1/1
   319 | D:1      | Reached XP level 2. HP: 26/26 MP: 2/2
  1018 | D:1      | Found a faded altar of an unknown god.
  1186 | D:2      | Reached XP level 3. HP: 30/31 MP: 3/3
  1306 | D:2      | Reached skill level 4 in Unarmed Combat
  1417 | D:2      | Reached XP level 4. HP: 40/40 MP: 4/4
  1694 | D:2      | Noticed Robin
  1706 | D:2      | Killed Robin
  1708 | D:2      | Reached ** piety under Trog
  2342 | D:3      | Reached XP level 5. HP: 36/46 MP: 5/5
  2543 | D:3      | Found a glowing drain.
  2561 | Sewer    | Entered a sewer
  2574 | Sewer    | Reached skill level 5 in Unarmed Combat
  3015 | Sewer    | Reached XP level 6. HP: 49/53 MP: 6/6
  3039 | Sewer    | Reached *** piety under Trog
  4033 | D:4      | Found a bloodstained altar of Trog.
  4079 | D:4      | Reached skill level 5 in Fighting
  4103 | D:4      | Reached skill level 6 in Unarmed Combat
  4103 | D:4      | Reached skill level 1 in Evocations
  4404 | D:4      | Found a transporter.
  4424 | D:4      | Your scales start taking on a dull iron-grey colour.
  4424 | D:4      | Reached XP level 7. HP: 61/61 MP: 7/7
  4449 | D:4      | Noticed devnull's ghost (novice HOFi)
  4631 | D:4      | Reached **** piety under Trog
  4848 | D:4      | Found a transporter.
  4864 | D:4      | Identified the +10 spear of Plunder {venom, rPois Will+
                  | Str+7}
  5032 | D:5      | Entered Level 5 of the Dungeon
  5180 | D:5      | Reached skill level 7 in Unarmed Combat
  5180 | D:5      | Reached XP level 8. HP: 56/70 MP: 8/8
  5669 | D:5      | Found Adghuil's Magic Scroll Shop.
  5672 | D:5      | Bought a scroll of enchant armour for 105 gold pieces
  5692 | D:5      | Reached skill level 5 in Dodging
  5970 | D:6      | Noticed Maggie
  5970 | D:6      | Noticed Dowan
  5970 | D:6      | Noticed Duvessa
  6182 | D:6      | Killed Maggie
  6183 | D:6      | Reached skill level 8 in Unarmed Combat
  6778 | D:6      | Killed Duvessa
  6779 | D:6      | Reached XP level 9. HP: 78/78 MP: 9/9
  6779 | D:6      | Killed Dowan
  6851 | D:6      | Noticed a troll
  6860 | D:6      | Killed a troll
  7155 | D:6      | Found Atruul's Armour Emporium.
  7274 | D:7      | Reached skill level 9 in Unarmed Combat
  7351 | D:7      | Found a sand-covered staircase.
  7359 | Ossuary  | Entered an ossuary
  7713 | D:7      | Reached skill level 5 in Evocations
  7853 | D:7      | Found a staircase to the Ecumenical Temple.
  7873 | D:7      | Found a runed translucent gate.
  7874 | D:7      | Found a runed translucent gate.
  7874 | D:7      | Noticed petzl's ghost (novice OpAM)
  7875 | D:7      | Found a runed translucent gate.
  9127 | D:7      | Reached skill level 10 in Unarmed Combat
  9129 | D:7      | Reached XP level 10. HP: 61/88 MP: 10/10
  9143 | D:7      | Killed petzl's ghost
  9542 | D:8      | Reached skill level 11 in Unarmed Combat
  9616 | D:8      | Found a staircase to the Lair.
  9850 | D:8      | Noticed Joseph
  9873 | D:8      | Killed Joseph
 10741 | D:9      | Reached ***** piety under Trog
 11797 | Lair:1   | Entered Level 1 of the Lair of Beasts
 11797 | Lair:1   | Noticed a black mamba
 11797 | Lair:1   | Noticed a black mamba
 11803 | Lair:1   | Killed a black mamba
 11804 | Lair:1   | Reached XP level 11. HP: 85/97 MP: 11/11
 11935 | Lair:1   | Reached skill level 12 in Unarmed Combat
 12496 | Lair:1   | Noticed a six-headed hydra
 12513 | Lair:1   | Killed a six-headed hydra
 13260 | Lair:1   | Reached skill level 10 in Fighting
 13945 | Lair:2   | Identified a scroll of acquirement
 13945 | Lair:2   | Acquired 929 gold pieces
 13983 | Lair:2   | Reached skill level 13 in Unarmed Combat
 14688 | Lair:2   | Found a staircase to the Snake Pit.
 15172 | Lair:3   | Found a staircase to the Swamp.
 15182 | Lair:3   | Reached XP level 12. HP: 87/108 MP: 12/12
 15433 | Lair:3   | Noticed a death yak
 15434 | Lair:3   | Noticed a death yak
 15436 | Lair:3   | Noticed a death yak
 15444 | Lair:3   | Killed a death yak
 15448 | Lair:3   | Killed a death yak
 15454 | Lair:3   | Killed a death yak
 15536 | Lair:3   | Reached skill level 14 in Unarmed Combat
 16206 | Lair:4   | Noticed Urug
 16218 | Lair:4   | Killed Urug
 17015 | Lair:4   | Received a gift from Trog
 17223 | Lair:4   | Reached skill level 10 in Dodging
 17240 | Lair:4   | Noticed a five-headed hydra
 17251 | Lair:4   | Killed a five-headed hydra
 17320 | Lair:4   | Reached skill level 15 in Unarmed Combat
 17799 | Lair:5   | Noticed Sonja
 17802 | Lair:5   | Noticed a catoblepas
 17808 | Lair:5   | Killed Sonja
 17822 | Lair:5   | Killed a catoblepas
 17906 | Lair:5   | Acquired 734 gold pieces
 18361 | Lair:5   | Found a shadowy altar of Dithmenos.
 18444 | Lair:5   | Reached XP level 13. HP: 97/118 MP: 13/13
 18938 | Lair:5   | Found a staircase to the Slime Pits.
 19104 | Lair:6   | Entered Level 6 of the Lair of Beasts
 19191 | Lair:6   | Reached skill level 1 in Stealth
 20478 | Lair:6   | HP: 7/178 [cane toad (2)]
 20479 | Lair:6   | Reached skill level 16 in Unarmed Combat
 20480 | Lair:6   | HP: 1/178 [poisoned by a cane toad]
 20480 | Lair:6   | Slain by a black mamba

Illustrated notes

Levels and vault maps discovered:
D:1:      dpeg_arrival_tiny_f, layout_basic, hellmonk_ecumenical_altar_run_dry,
          minmay_cut_off
D:2:      layout_basic, kennysheep_generic_room_6, uniq_robin
D:3:      layout_basic, portal_sewer_entry_b
D:4:      cheibrodos_fertilizer, layout_rooms, mainiacjoe_overflow_paths,
          gammafunk_ghost_gnarly_gnolls
D:5:      layout_cave_pods, serial_shops, kennysheep_mini_moat, st_stairs_10,
          bh_walls_and_bars
D:6:      layout_basic, serial_shops, nicolae_shop_statue_plus,
          kennysheep_generic_room_10, uniq_maggie, uniq_duvessa
D:7:      layout_layer_cave, minmay_temple_entry_wispy,
          gammafunk_ghost_nasty_kobolds, enter_ossuary_4
D:8:      layout_basic, dpeg_oklobed_lair, serial_rivers,
          chequers_serial_rivers_small_3, chequers_serial_rivers_micro_c,
          chequers_serial_rivers_micro_c, chequers_serial_rivers_small_a,
          chequers_serial_rivers_room_b, chequers_serial_rivers_micro_e,
          uniq_joseph
D:9:      layout_gridville
Lair:1:   layout_layer_cave, cheibrodos_lair_reptile_den, serial_bayou_shore_b,
          grunt_megastairs_3
Lair:2:   layout_hall_layers, minmay_snake_entry_guardpost_small,
          chequers_serial_rivers_micro_d, worms_lemuel, grunt_megastairs_5,
          infiniplex_staircase_pool_2
Lair:3:   layout_chaotic_city, minmay_swamp_entry_swarm, minivault_26
Lair:4:   layout_cave_pods, uniq_urug
Lair:5:   layout_hall_layers, minmay_slime_entry_oklob_enclosed, basic_altar,
          grunt_megastairs_4, uniq_sonja
Lair:6:   hangedman_lair_in_review, layout_cave_pods, st_stairs_5

Skill      XL: |  1  2  3  4  5  6  7  8  9 10 11 12 13 |
---------------+----------------------------------------+-----
Dodging        | 3 4 5 6 7 9 10 | 10.7
Unarmed Combat | 4 5 6 7 8 10 11 13 15 16 | 16.0
Fighting       | 4 5 6 7 9 10 12 | 12.7
Evocations     | 1 2 4 5 6 |  6.0
Stealth        | 4 |  4.0

Action                   |  1- 3 |  4- 6 |  7- 9 | 10-12 | 13-15 || total
-------------------------+-------+-------+-------+-------+-------++-------
Melee: Unarmed           |    98 |   268 |   422 |   652 |   180 ||  1620
       Tailslap          |    11 |    40 |    71 |   123 |    34 ||   279
       Punch             |     1 |     7 |    20 |    75 |    18 ||   121
Throw: Dart              |       |       |     6 |    26 |    22 ||    54
       Stone             |       |       |    10 |    12 |       ||    22
       Javelin           |       |       |       |     6 |       ||     6
Invok: Berserk           |     3 |     4 |     6 |     4 |     3 ||    20
       Trog's Hand       |       |     1 |     4 |     3 |     1 ||     9
       Brothers in Arms  |       |       |       |     1 |       ||     1
Evoke: Wand              |       |       |     2 |       |       ||     2
  Use: Scroll            |       |     7 |    10 |     8 |       ||    25
       Potion            |       |       |     2 |       |       ||     2
 Stab: Sleeping          |     1 |       |     1 |     2 |       ||     4
       Petrified         |       |       |       |     2 |       ||     2
Armor: Skin              |    16 |    62 |   163 |   186 |   101 ||   528
Dodge: Dodged            |    68 |   209 |   264 |   426 |   194 ||  1161

Table legend: (Time is in decaauts)
 A = Elapsed time spent in this place.
 B = Non-inter-level travel time spent in this place.
 C = Inter-level travel time spent in this place.
 D = Time resting spent in this place.
 E = Time spent auto-exploring this place.
 F = Levels seen in this place.
 G = Mean time per level.
                   A        B        C        D        E       F      G
               +--------+--------+--------+--------+--------+-----+--------+
         Total |  20366 |  19557 |    809 |    858 |  15288 |  17 | 1198.0 |
       Dungeon |  10712 |  10134 |    578 |    399 |   7799 |   9 | 1190.2 |
          Lair |   8543 |   8312 |    231 |    388 |   6843 |   6 | 1423.8 |
         Sewer |    810 |    810 |      0 |     58 |    529 |   1 |  810.0 |
       Ossuary |    299 |    299 |      0 |     12 |    117 |   1 |  299.0 |
               +--------+--------+--------+--------+--------+-----+--------+

Top non-repeatable levels by time:
  Lair:1: 1927 daAuts
     D:7: 1701 daAuts
  Lair:4: 1566 daAuts
     D:9: 1416 daAuts
  Lair:2: 1375 daAuts
  Lair:5: 1345 daAuts
  Lair:6: 1288 daAuts
     D:3: 1274 daAuts
     D:6: 1246 daAuts
     D:1: 1156 daAuts
     D:8: 1084 daAuts
  Lair:3: 1040 daAuts
     D:4: 1033 daAuts
     D:5: 1001 daAuts
   Sewer: 810 daAuts
